 Dungeon Crawl Stone Soup version 0.13-a0-2531-g2ad9301 (webtiles) character file.

140 4tharraofdagon the Firebug (level 2, -7/22 HPs)
             Began as a Djinni Fire Elementalist on July 26, 2013.
             Was an Initiate of Vehumet.
             Killed by an exploding giant spore (27 damage)
             ... on Level 6 of the Dungeon.
             The game lasted 00:04:09 (999 turns).

4tharraofdagon the Firebug (DjFE)                    Turns: 999, Time: 00:04:09

HP  -7/22        AC  3     Str  8      XL: 2   Next: 96%
MP   0/0         EV 12     Int 15      God: Vehumet [......]
Gold 112         SH  0     Dex 13      Spells:  1 memorised,  5 levels left

Res.Fire  : + + +   See Invis. : .   l - +0 trident
Res.Cold  : x . .   Warding    : .   a - +0 robe
Life Prot.: + + +   Conserve   : .   (no shield)
Res.Poison: .       Res.Corr.  : .   (no helmet)
Res.Elec. : .       Clarity    : .   g - +0 cloak
Sust.Abil.: . .     Spirit.Shd : .   (no gloves)
Res.Mut.  : .       Stasis     : .   (boots unavailable)
Res.Rott. : .       Flight     : .   (no amulet)
Saprovore : . . .                    (no ring)
                                     i - ring of flight

@: confused, not resistant to hostile enchantments, very unstealthy
A: no striking features
a: Renounce Religion, Evoke Flight


You were on level 6 of the Dungeon.
You worshipped Vehumet.
Vehumet was noncommittal.
You were not hungry.

You visited 2 branches of the dungeon, and saw 8 of its levels.

You collected 112 gold pieces.
You spent 20 gold pieces at shops.

Inventory:

Hand weapons
 l - a +0,+0 trident (weapon)
Armour
 a - a +0 robe (worn)
 g - a +0 cloak (worn)
Magical devices
 f - a wand of digging (15)
 k - a wand of digging (7)
Scrolls
 c - a scroll of recharging {unknown}
 e - a scroll of identify {unknown}
 j - a scroll of fog {unknown}
 m - 2 scrolls of teleportation {unknown}
Jewellery
 d - an uncursed ring of flight
 i - a ring of flight (left hand)
 n - an uncursed amulet of conservation {unknown}
Potions
 h - a potion of paralysis {unknown}
Books
 b - a book of Flames

   Spells                             Type                      Level
   *Flame Tongue                      Conjuration/Fire             1
   Throw Flame                        Conjuration/Fire             2
   Conjure Flame                      Conjuration/Fire             3
   Inner Flame                        Hexes/Fire                   3
   Sticky Flame                       Conjuration/Fire             4
   Fireball                           Conjuration/Fire             5


   Skills:
 - Level 1.7 Dodging
 - Level 1.5 Stealth
 * Level 2.5 Spellcasting
 + Level 1.9 Conjurations
 + Level 4.2 Fire Magic


You had 5 spell levels left.
You knew the following spells:

 Your Spells              Type           Power        Failure   Level  Hunger
a - Flame Tongue          Conj/Fire      ##...        8%          1    #......


Dungeon Overview and Level Annotations

Branches:
Dungeon (7/27)             Temple (1/1) D:5
    Orc: D:6-11

Altars:
Ashenzari
Okawaru
Trog
Vehumet
Xom
Zin
the Shining One

Shops:
D:4: [


Message History

A ballistomycete grows in the wake of the spore.
Casting: Flame Tongue
Confirm with . or Enter, or press ? or * to list all spells.
You can't see any susceptible monsters within range! (Use Z to cast anyway.) Unknown command.
Casting: Flame Tongue
Confirm with . or Enter, or press ? or * to list all spells.
You can't see any susceptible monsters within range! (Use Z to cast anyway.) Unknown command.
Casting: Flame Tongue
Confirm with . or Enter, or press ? or * to list all spells.
Aiming: Flame Tongue
Press: ? - help, Shift-Dir - straight line, f - giant spore
Aim: a giant spore The flame misses the giant spore.
The giant spore explodes!
The explosion of spores engulfs you!
You are confused.
Ouch! That really hurt!
You die...

#................
#####.#..######.###
#......... ...# .
#......... ...#... .
#......... ...f. .
#.##.##### ... ...
#.##.######.###.... ....
#<##.#..................
#.##.#.@...####...##....
#.##.#.....#......##.##.
#.##.#.....#............
#..........I......##.##.
#.......................
#..........#....####.##.
#.###......#....####.##.
#.# #......#.........>..
#.# #......####.####.##)


You could see an ice beast.

Vanquished Creatures
  An adder (D:3)
  An iguana skeleton (D:6)
  A giant gecko (D:5)
  2 hobgoblins
  2 jackals (D:5)
  A quokka (D:3)
  2 goblins
  4 kobolds
  2 rats
16 creatures vanquished.

Notes
Turn   | Place    | Note
--------------------------------------------------------------
     0 | D:1      | 4tharraofdagon, the Djinni Fire Elementalist, began the quest for the Orb.
     0 | D:1      | Reached XP level 1. HP: 14/14 MP: 0/0
   239 | D:3      | Reached XP level 2. EP: 4/22
   462 | D:5      | Entered Level 5 of the Dungeon
   552 | D:4      | Found Umaf's Antique Armour Shop.
   572 | D:4      | Bought a cloak for 20 gold pieces
   765 | D:5      | Found a staircase to the Ecumenical Temple.
   783 | Temple   | Entered the Ecumenical Temple
   796 | Temple   | Became a worshipper of Vehumet
   973 | D:6      | Noticed an ice beast
   999 | D:6      | Killed by an exploding giant spore

Action                   || total
-------------------------++-------
 Cast: Flame Tongue      ||    34
Evoke: Wand              ||     1
